Map: Winter Madness LE

Players

HoldTheDoor - Winner!

  • Race: Protoss Protoss
  • League: Diamond
  • Spawn Location: 5:00

DiMa

  • Race: Zerg Zerg
  • Spawn Location: 11:00

VOD

Have the link to the VOD?

Description

Time

  • Played on: May 12, 2026, 10:03 a.m.
  • Length: 51:51
Show
View Real Time Build Order
Export as new Build Order

HoldTheDoor Protoss - Winner!

Build Orders:  

Get SALT Encoding   

  12  0:00  Probe  
  13  0:12  Probe  
  14  0:20  Pylon  
  14  0:24  Probe  
  15  0:34  Probe  
  15  0:40  Gateway  
  16  0:42  Probe  
  17  0:50  Assimilator  
  17  0:53  Probe  
  18  1:05  Probe  
  18  1:08  Forge  
  19  1:17  Probe  
  20  1:29  Probe  
  21  1:43  Cybernetics Core  
  21  1:47  Photon Cannon  
  21  1:51  Probe  
  22  2:04  Pylon  
  22  2:06  Photon Cannon  
  22  2:11  Pylon  
  22  2:13  Warp Gate  
  24  2:28  Nexus  
  24  2:31  Probe  
  24  2:33  Stalker  
  25  2:39  Pylon  
  25  2:47  Probe  
  26  2:58  Robotics Facility  
  26  2:59  Probe  
  26  3:00  Stalker  
  29  3:11  Probe  
  30  3:24  Probe  
  31  3:28  Gateway  
  31  3:29  Gateway  
  31  3:34  Gateway  
  31  3:36  Probe  
  31  3:38  Warp Prism  
  31  3:40  Probe  
  33  3:48  Probe  
  36  3:56  Probe  
  36  4:00  Probe  
  38  4:03  Gateway  
  38  4:13  Gateway  
  38  4:15  Gateway  
  38  4:26  Gateway  
  38  4:33  Stalker x2  
  38  4:35  Stalker  
  44  4:40  Stalker  
  46  4:49  Pylon  
  46  4:51  Pylon  
  46  4:59  Stalker x2  
  50  5:00  Stalker  
  52  5:07  Zealot  
  52  5:10  Zealot  
  52  5:11  Zealot  
  58  5:21  Zealot x2  
  60  5:31  Zealot  
  60  5:32  Zealot x4  
  70  5:39  Pylon  
  70  5:42  Pylon  
Show
View Real Time Build Order
Export as new Build Order

DiMa Zerg 

Build Orders: Pool First 

Get SALT Encoding   

  12  0:19  Spawning Pool  
  11  0:22  Drone  
  11  0:26  Drone  
  13  0:35  Overlord  
  13  0:42  Drone  
  14  0:54  Drone  
  15  1:07  Zergling x4  
  17  1:17  Zergling x2  
  18  1:42  Hatchery  
  18  1:45  Drone  
  18  1:51  Drone  
  18  1:52  Drone  
  20  1:56  Extractor  
  19  2:12  Drone x2  
  20  2:38  Hatchery  
  20  2:39  Queen  
  21  2:45  Drone  
  21  2:47  Overlord  
  22  2:56  Drone  
  23  3:00  Queen  
  25  3:07  Drone  
  26  3:16  Queen  
  28  3:22  Drone  
  28  3:23  Drone  
  28  3:27  Drone  
  31  3:37  Queen  
  33  3:43  Drone  
  33  3:44  Drone  
  35  3:53  Queen  
  37  4:03  Spore Crawler  
  37  4:07  Spore Crawler  
  35  4:14  Drone  
  36  4:17  Lair  
  36  4:18  Overlord  
  36  4:21  Drone  
  37  4:25  Drone  
  38  4:32  Roach Warren  
  38  4:36  Drone x2  
  39  4:39  Drone  
  40  4:47  Drone, Overlord  
  40  4:49  Drone  
  42  4:55  Extractor  
  42  4:58  Queen  
  43  5:06  Zergling x2  
  44  5:07  Zergling x4  
  44  5:08  Zergling x2  
  48  5:14  Zergling x6  
  49  5:24  Zergling x2  
  49  5:29  Metabolic Boost  
  48  5:36  Roach  
  48  5:37  Roach  
  48  5:42  Overlord x2  
  50  5:44  Overlord  
Tags
 
League
Diamond
Matchup
PvZ
Opening
Pool First
Replay Pack
SC2Mai2026
Spawn Locations
Cross Positions
Add a new tag
Caveats
  • Supply blocks, unpowered buildings, or Contaminate may cause inaccurate times.
  • Supply counts are checked every 10 seconds.